 Dungeon Crawl Stone Soup version 0.25-a0-2-g6559c6c (webtiles) character file.

Game seed: 6076460309174186810, levelgen mode: deterministic

35 Deaus the Skirmisher (level 3, 0/20 HPs)
             Began as a Vine Stalker Fighter on Oct 14, 2019.
             Succumbed to an adder's poison
             ... on level 1 of the Dungeon.
             The game lasted 00:01:24 (1116 turns).

Deaus the Skirmisher (Vine Stalker Fighter)         Turns: 1116, Time: 00:01:25

Health: 0/20       AC:  6    Str: 19    XL:     3   Next: 35%
Magic:  1/4        EV:  7    Int:  8    God:
Gold:   87         SH:  9    Dex: 13    Spells: 2/2 levels left

rFire    . . .     SeeInvis .   a - +0 war axe
rCold    . . .     Gourm    .   c - +0 shield
rNeg     . . .     Faith    .   b - +0 scale mail
rPois    .         Spirit   +   (no helmet)
rElec    .         Reflect  .   (no cloak)
rCorr    .         Harm     .   (no gloves)
MR       .....                  (no boots)
Stlth    ..........             (no amulet)
HPRegen  0.06/turn              (no ring)
MPRegen  0.09/turn              (no ring)

@: lethally poisoned (0 -> -13), lightly drained
A: fangs 2, magic shield, antimagic bite, no potion heal 3, rot immunity
a: no special abilities


You were on level 1 of the Dungeon.
You were hungry.

You visited 1 branch of the dungeon, and saw 2 of its levels.

You collected 87 gold pieces.

Inventory:

Hand Weapons
 a - a +0 war axe (weapon)
Armour
 b - a +0 scale mail (worn)
 c - a +0 shield (worn)
Scrolls
 k - 2 scrolls of identify {unknown}
Potions
 d - a potion of might
 e - a potion of brilliance {unknown}
 h - a potion of heal wounds
 i - 3 potions of curing {unknown}
Comestibles
 f - 3 rations


   Skills:
 + Level 3.0(2.5) Fighting
 + Level 2.5(2.0) Axes
 + Level 2.6(2.1) Armour
 + Level 0.1(0.0) Dodging
 + Level 2.9(2.4) Shields


You had 2 spell levels left.
You didn't know any spells.
Your spell library was empty.

Dungeon Overview and Level Annotations

Branches:
Dungeon (2/15)

Altars:

Annotations:
D:2 Jessica


Innate Abilities, Weirdness & Mutations

You have extremely sharp teeth.
When hurt, damage is shared between your health and your magic reserves.
Your bite disrupts and absorbs the magic of your enemies.
Potions cannot restore your health.
You are immune to rotting.


Message History

The adder poisons you! The adder bites you.
* * * LOW HITPOINT WARNING * * *
You closely miss the adder. Your bite misses the adder.
The adder is heavily wounded.
* * * LOW HITPOINT WARNING * * *
You feel sick. The adder bites you.
* * * LOW HITPOINT WARNING * * *
You are more poisoned.
The adder poisons you! The adder bites you but does no damage.
You hit the adder. Your bite misses the adder.
The adder is almost dead.
* * * LOW HITPOINT WARNING * * *
You feel sick. The adder closely misses you.
The adder bites you but does no damage.
You closely miss the adder.
The adder is almost dead.
* * * LOW HITPOINT WARNING * * *
You feel sick. The adder closely misses you.
It was a potion of heal wounds.
That seemed strangely inert.
You die...

#......###.....##...####
#.##############.###...#
#.# #.......###.## ##..#
##.# #...........# #..#
###..###........##.## ##..#
#.....##........###.###.#.#
#.....##........##...†)...#
#.........†.....##.#..###.#
#.....##..S@....##.#......#
#.....##.#####.>......#####
###.#.##.......###.####
#.#.############.#
#.#.###### #.....#
#........# #.#####
########...####.###.#
......##.........##.# ####
#####.###.##........# #...


You could see an adder.

Vanquished Creatures
  An adder (D:2)
  An ooze (D:1)
  A dart slug (D:1)
  2 hobgoblins (D:1)
  A quokka (D:2)
  5 bats (D:1)
  2 frilled lizards (D:1)
  3 goblins
  3 kobolds (D:1)
  3 rats (D:1)
22 creatures vanquished.

Notes
Turn   | Place    | Note
-------+----------+-------------------------------------------
     0 | D:1      | Deaus the Vine Stalker Fighter began the quest for the Orb.
     0 | D:1      | Reached XP level 1. HP: 11/11 MP: 2/2
   110 | D:1      | Reached XP level 2. HP: 12/16 MP: 1/3
   717 | D:1      | Reached skill level 3 in Fighting
   824 | D:2      | Reached XP level 3. HP: 9/20 MP: 1/4
  1088 | D:2      | Noticed Jessica
  1115 | D:1      | HP: 1/20 [poisoned by an adder]
  1116 | D:1      | Succumbed to an adder's poison

Levels and vault maps discovered:
D:1:      ebering_trefoil_twist, layout_loops_cross
D:2:      layout_loops_ring, uniq_jessica

Skill      XL: |  1  2 |
---------------+-------+-----
Axes           | 2 |  2.5
Fighting       | 3 |  3.0
Armour         | |  2.6
Dodging        | |  0.1
Shields        | |  2.9

Action                   || total
-------------------------++-------
Melee: War axe           ||    73
       Bite              ||    16
  Use: Scroll            ||     2
       Potion            ||     1
Armor: Leather armour    ||    17
       Scale mail        ||    18
Dodge: Dodged            ||    26
Block: Shield            ||    40

Table legend:
 A = Non-vault XP
 B = Vault XP
 C = Vault XP percentage of total XP
 D = Non-vault monster count
 E = Vault monster count
 F = Vault count percentage of total count
                 A         B        C        D         E       F
            +---------+---------+-------+---------+---------+-------
      Total |      51 |       0 |   0.0 |      22 |       0 |   0.0
            +---------+---------+-------+---------+---------+-------
        D:1 |      31 |       0 |   0.0 |      18 |       0 |   0.0
        D:2 |      20 |       0 |   0.0 |       4 |       0 |   0.0
            +---------+---------+-------+---------+---------+-------
